 Dungeon Sprint DCSS version 0.21.2 (webtiles) character file.

5614 Fang the Severer (level 10, -4/109 HPs)
             Began as a Gargoyle Berserker on Sept 24, 2018.
             Was the Champion of Trog.
             Succumbed to barbed spike wounds
             ... in the Dungeon (Sprint VII: "The Pits").
             The game lasted 00:04:43 (2111 turns).

Fang the Severer (Gargoyle Berserker)               Turns: 2111, Time: 00:04:43

Health: -4/109     AC: 13    Str: 29    XL:     10   Next: 73%
Magic:  10/10      EV: 21    Int:  8    God:    Trog [******]
Gold:   0          SH:  0    Dex:  9    Spells: 9/9 levels left

rFire    . . .     SeeInvis .   r - +1 broad axe (chop)
rCold    . . .     Gourm    .   (no shield)
rNeg     + . .     Faith    .   n - +3 ring mail
rPois    ∞         Spirit   .   (no helmet)
rElec    +         Reflect  .   (no cloak)
rCorr    .         Harm     .   (no gloves)
MR       .....     NoTele   +   (no boots)
Stlth    ..........             (no amulet)
HPRegen  0.28/turn              o - +3 ring of evasion
MPRegen  0.12/turn              q - +3 ring of evasion

@: berserking, barbed spikes, corroded, very quick
A: negative energy resistance 1, electricity resistance, unbreathing,
petrification resistance, rot immunity, AC +7
a: Berserk, Trog's Hand, Brothers in Arms, Burn Spellbooks, Renounce Religion


You were in the Dungeon.
You worshipped Trog.
Trog was exalted by your worship.
You were hungry.

You visited 1 branch

Inventory:

Hand Weapons
 r - a +1 broad axe of chopping (weapon)
Armour
 n - a +3 ring mail (worn)
Jewellery
 o - a +3 ring of evasion (left hand)
 q - a +3 ring of evasion (right hand)
Scrolls
 i - a scroll of blinking
 k - 3 scrolls of remove curse
 l - a scroll of summoning
Potions
 a - 2 potions of invisibility
 d - 10 potions of curing
 e - 10 potions of heal wounds
 f - a potion of haste
 g - 4 potions of magic
 h - 4 potions of berserk rage
 p - 3 potions of resistance
Comestibles
 c - 8 rations
 j - 10 chunks of flesh


   Skills:
 + Level 13.1 Fighting
 + Level 15.8 Axes
 + Level 9.6 Armour
 + Level 8.3 Dodging
 + Level 4.2 Stealth


You had 9 spell levels left.
You didn't know any spells.

Dungeon Overview and Level Annotations

Branches:
Dungeon (1/1)

Altars:
Cheibriados
Dithmenos
Elyvilon
Fedhas
Gozag
Hepliaklqana
Makhleb
Nemelex Xobeh
Okawaru
Qazlal
Ru
Sif Muna
Trog
Vehumet
Wu Jian
Xom
Yredelemnul
Zin
The Shining One
Beogh
Jiyva
Lugonu


Innate Abilities, Weirdness & Mutations

You are resistant to torment.
Your stone body is resilient. (AC +7)
You are immune to poison.
You resist negative energy. (rN+)
You are resistant to electric shocks. (rElec)
You can survive without breathing.
You are immune to petrification.
You are immune to rotting.


Message History

Your ring mail prevents you from hitting the manticore.
The manticore is severely wounded.
You hit the shadow.
You destroy the shadow!
Trog accepts your kill.
You slice the acid dragon!!
The manticore bites you but does no damage.
The manticore completely misses you. The manticore barely misses you.
You slash the manticore!
You kill the manticore!
Trog accepts your kill.
Your Fighting skill increases to level 13!
You slash the acid dragon!
You kill the acid dragon!
Trog accepts your kill.
The acid dragon scales are intact enough to wear.
The barbed spikes dig painfully into your body as you move.
* * * LOW HITPOINT WARNING * * *
The barbed spikes dig painfully into your body as you move.
You die...

# ##'[## ###..'...+
###....###....##'##
##(.....#....##...##
##.....((....))....+
##(.....#.)..##...##
###....###....##'##
# ##)[## ###..+...+
# #()).# ####†.[###
##......# #...@...#
##......#
#.........#
#########
###########


There were no monsters in sight!

Vanquished Creatures
  A centaur warrior (D)
  A deep troll (D)
  A deep elf mage (D)
  2 orc sorcerers (D)
  A manticore (D)
  An elephant (D)
  A rime drake (D)
  A kobold demonologist (D)
  A polar bear (D)
  A redback (D)
  A shadow (D)
  A tarantella (D)
  A basilisk (D)
  A hungry ghost (D)
  4 vampire mosquitoes (D)
  A warg (D)
  An acid dragon (D)
  A porcupine (D)
  A big kobold (D)
  A bullfrog (D)
  A jelly (D)
  An orc priest (D)
  An orc wizard (D)
  An iguana (D)
  A hell rat (D)
  2 gnolls (D)
  2 adders (D)
  3 river rats (D)
  A white imp (D)
  2 leopard geckos (D)
  An orc (D)
  A bat (D)
  A giant cockroach (D)
  A goblin (D)
  A hobgoblin (D)
  3 kobolds (D)
  2 frilled lizards (D)
49 creatures vanquished.

Notes
Turn   | Place    | Note
-------+----------+-------------------------------------------
     0 | D        | Fang the Gargoyle Berserker began the quest for the Orb.
     0 | D        | Reached XP level 1. HP: 14/14 MP: 1/1
    19 | D        | Reached skill level 3 in Axes
    19 | D        | Reached XP level 2. HP: 9/20 MP: 2/2
   333 | D        | Found a bloodstained altar of Trog.
   333 | D        | Found a deep blue altar of Sif Muna.
   333 | D        | Found a viscous altar of Jiyva.
   333 | D        | Found a hazy altar of Hepliaklqana.
   333 | D        | Found an opulent altar of Gozag.
   334 | D        | Found a glowing golden altar of the Shining One.
   334 | D        | Found a glowing silver altar of Zin.
   334 | D        | Found a basalt altar of Yredelemnul.
   334 | D        | Found a shimmering altar of Xom.
   334 | D        | Found an ornate altar of the Wu Jian Council.
   334 | D        | Found a sacrificial altar of Ru.
   334 | D        | Found a stormy altar of Qazlal.
   334 | D        | Found an iron altar of Okawaru.
   334 | D        | Found a sparkling altar of Nemelex Xobeh.
   334 | D        | Found a burning altar of Makhleb.
   334 | D        | Found a blossoming altar of Fedhas.
   334 | D        | Found a white marble altar of Elyvilon.
   334 | D        | Found a shadowy altar of Dithmenos.
   334 | D        | Found a snail-covered altar of Cheibriados.
   336 | D        | Found a radiant altar of Vehumet.
   336 | D        | Found a corrupted altar of Lugonu.
   336 | D        | Found a roughly hewn altar of Beogh.
   381 | D        | Reached skill level 4 in Axes
   382 | D        | Reached ** piety under Trog
   382 | D        | Reached skill level 5 in Fighting
   382 | D        | Reached XP level 3. HP: 14/26 MP: 3/3
   623 | D        | Reached *** piety under Trog
   626 | D        | Reached skill level 5 in Axes
   626 | D        | Reached XP level 4. HP: 28/32 MP: 4/4
   749 | D        | Noticed a bullfrog
   756 | D        | Killed a bullfrog
   756 | D        | Reached **** piety under Trog
   756 | D        | Reached skill level 6 in Axes
   756 | D        | Reached skill level 1 in Stealth
   756 | D        | Reached XP level 5. HP: 37/37 MP: 5/5
   921 | D        | Reached ***** piety under Trog
   948 | D        | Noticed a polar bear
   959 | D        | Killed a polar bear
   959 | D        | Reached skill level 8 in Axes
   959 | D        | Reached XP level 6. HP: 12/45 MP: 6/6
  1197 | D        | Reached skill level 5 in Armour
  1203 | D        | Received a gift from Trog
  1211 | D        | Reached skill level 9 in Axes
  1287 | D        | Noticed a deep elf mage
  1287 | D        | Noticed a redback
  1287 | D        | Noticed an orc sorcerer
  1290 | D        | Noticed a redback
  1292 | D        | Killed a redback
  1292 | D        | Reached skill level 5 in Dodging
  1292 | D        | Reached XP level 7. HP: 51/51 MP: 7/7
  1298 | D        | Killed a deep elf mage
  1298 | D        | Reached skill level 10 in Fighting
  1298 | D        | Reached skill level 11 in Axes
  1298 | D        | Reached XP level 8. HP: 57/57 MP: 8/8
  1305 | D        | Killed an orc sorcerer
  1514 | D        | Noticed a deep troll
  1518 | D        | Received a gift from Trog
  1518 | D        | Reached skill level 12 in Axes
  1521 | D        | Reached XP level 9. HP: 63/63 MP: 9/9
  1530 | D        | Killed a deep troll
  1530 | D        | Reached ****** piety under Trog
  1530 | D        | Reached skill level 13 in Axes
  1835 | D        | Noticed a kobold demonologist
  1835 | D        | Noticed an elephant
  1843 | D        | Killed an elephant
  1843 | D        | Received a gift from Trog
  1845 | D        | Killed a kobold demonologist
  1845 | D        | Reached skill level 14 in Axes
  1893 | D        | Noticed a rime drake
  1893 | D        | Noticed a centaur warrior
  1900 | D        | Killed a centaur warrior
  1900 | D        | Reached XP level 10. HP: 62/71 MP: 10/10
  2027 | D        | Noticed an orc sorcerer
  2030 | D        | Killed an orc sorcerer
  2030 | D        | Received a gift from Trog
  2030 | D        | Reached skill level 15 in Axes
  2098 | D        | Noticed a manticore
  2107 | D        | HP: 3/108 [manticore (7)]
  2109 | D        | Killed a manticore
  2110 | D        | HP: 1/109 [barbs]
  2111 | D        | Succumbed to barbed spike wounds

Skill      XL: |  1  2  3  4  5  6  7  8  9 10 |
---------------+-------------------------------+-----
Fighting       | 4 5 6 8 9 10 12 13 | 13.1
Axes           | 3 4 5 6 8 9 11 12 14 15 | 15.8
Dodging        | 2 3 4 5 6 7 8 |  8.3
Armour         | 3 4 5 6 7 9 |  9.6
Stealth        | 1 2 3 4 |  4.2

Action                   |  1- 3 |  4- 6 |  7- 9 | 10-12 || total
-------------------------+-------+-------+-------+-------++-------
Melee: Hand axe          |    31 |    50 |    13 |       ||    94
       Broad axe         |       |       |    35 |    24 ||    59
Invok: Berserk           |     1 |     3 |     3 |     1 ||     8
  Eat: Chunk             |       |     4 |     2 |     3 ||     9
       Ration            |       |       |     1 |       ||     1
Armor: Animal skin       |    16 |       |       |       ||    16
       Ring mail         |       |    25 |    19 |    10 ||    54
Dodge: Dodged            |    31 |    29 |    46 |    27 ||   133
